 Dungeon Crawl Stone Soup version 0.21.0-25-ge575cb9ce8 (webtiles) character file.

108 KamiKatze the Charmwright (level 4, -9/38 HPs)
             Began as a Gnoll Skald on Jan 27, 2018.
             Killed by divine providence
             ... invoked by an orc priest
              (13 damage)
             ... on level 3 of the Dungeon.
             The game lasted 00:10:09 (1610 turns).

KamiKatze the Charmwright (Gnoll Skald)             Turns: 1610, Time: 00:10:11

Health: -9/38      AC: 11    Str: 14    XL:     4   Next: 87%
Magic:  10/11      EV: 11    Int: 15    God:
Gold:   139        SH:  0    Dex: 15    Spells: 8/13 levels left

rFire    . . .     SeeInvis .   a - +0 hand axe
rCold    . . .     Gourm    .   (no shield)
rNeg     . . .     Faith    .   q - +0 scale mail
rPois    .         Spirit   .   j - +2 helmet
rElec    .         Reflect  .   (no cloak)
rCorr    .         Harm     .   v - +0 pair of gloves
MR       .....                  (no boots)
Stlth    ..........             (no amulet)
HPRegen  0.12/turn              (no ring)
MPRegen  0.12/turn              (no ring)

@: about to teleport
A: distributed training, fangs 1, strong nose
a: no special abilities


You were on level 3 of the Dungeon.
You were hungry.

You visited 1 branch of the dungeon, and saw 3 of its levels.

You collected 139 gold pieces.

Inventory:

Hand Weapons
 a - a +0 hand axe (weapon)
 f - a +0 dagger
 g - a +0 whip
Missiles
 i - 69 stones (quivered)
 l - 15 poisoned needles
 o - 13 sling bullets
Armour
 j - a +2 helmet (worn)
 q - a +0 scale mail (worn)
 v - a +0 pair of gloves (worn)
Wands
 k - a wand of polymorph (17)
Scrolls
 b - a scroll of amnesia
 r - 2 scrolls of teleportation
 s - a scroll of remove curse
Potions
 e - 2 potions of brilliance {unknown}
 m - 2 potions of curing {unknown}
 n - a potion of flight {unknown}
 p - 2 potions of heal wounds {unknown}
 u - a potion of degeneration {unknown}
 w - a potion of berserk rage {unknown}
Books
 c - a book of Battle

   Spells                             Type                      Level
   a - Infusion                       Charms                       1
   b - Shroud of Golubria             Charms/Translocation         2
   c - Song of Slaying                Charms                       2
   d - Spectral Weapon                Hexes/Charms                 3
   e - Regeneration                   Charms/Necromancy            3
Comestibles
 d - 5 rations
 h - 7 chunks of flesh


   Skills:
 + Level 4.7 Fighting
 + Level 1.2 Short Blades
 + Level 1.2 Long Blades
 + Level 4.7 Axes
 + Level 1.2 Maces & Flails
 + Level 1.2 Polearms
 + Level 1.2 Staves
 + Level 1.2 Slings
 + Level 1.2 Bows
 + Level 1.2 Crossbows
 + Level 1.2 Throwing
 + Level 2.8 Armour
 + Level 4.7 Dodging
 + Level 1.2 Stealth
 + Level 1.2 Shields
 + Level 1.2 Unarmed Combat
 + Level 5.1 Spellcasting
 + Level 1.0 Conjurations
 + Level 1.0 Hexes
 + Level 5.5 Charms
 + Level 1.0 Summonings
 + Level 1.0 Necromancy
 + Level 1.0 Translocations
 + Level 1.0 Transmutations
 + Level 1.0 Fire Magic
 + Level 1.0 Ice Magic
 + Level 1.0 Air Magic
 + Level 1.0 Earth Magic
 + Level 1.0 Poison Magic
 + Level 1.3 Invocations
 + Level 1.2 Evocations


You had 8 spell levels left.
You knew the following spells:

 Your Spells              Type           Power        Failure   Level  Hunger
a - Infusion              Chrm           ###.         7%          1    None
b - Song of Slaying       Chrm           ###.....     11%         2    ##.....
c - Shroud of Golubria    Chrm/Tloc      ##........   26%         2    ##.....


Dungeon Overview and Level Annotations

Branches:
Dungeon (3/15)

Altars:
Dithmenos
Hepliaklqana
Trog
Zin


Innate Abilities, Weirdness & Mutations

Your experience applies equally to all skills.
You have very sharp teeth.
Your uncanny sense of smell can sniff out nearby items.


Message History

Your scale mail prevents you from hitting the orc.
The orc hits you but does no damage. x2
The orc priest mumbles some strange prayers to Beogh against you.
Beogh smites you!
* * * LOW HITPOINT WARNING * * *
You closely miss the orc.
The orc is almost dead.
You closely miss the orc. The orc hits you but does no damage.
The orc barely misses you.
You closely miss the orc.
The orc is almost dead.
You closely miss the orc. The orc hits you but does no damage.
The orc barely misses you.
As you read the scroll of teleportation, it crumbles to dust.
You feel strangely unstable. The orc barely misses you.
The orc hits you with a club.
* * * LOW HITPOINT WARNING * * *
The orc priest mumbles some strange prayers to Beogh against you.
Beogh smites you!
You die...

#...............# ####
#.......K.......# #########
####+######...g.# #.......# #.#
###.#.# #.......# #.########.#o#
#.......# #...g.K.o..#g#
#.......# #.##########.#
#.......#
########.##########.###.......##
#..........oKgo@ow....'.......'.
#...........#######.###.......##
#...........# #.###...o...##
#...........# #...'.........
#.....####### #####.........
#.....# ##........ #######
#.....w.. #..[...). #........


You could see an orc priest, a dart slug, 2 orcs, a goblin and a kobold.

Vanquished Creatures
  4 adders
  2 oozes (D:1)
  A dart slug (D:1)
  A leopard gecko (D:2)
  An orc (D:3)
  2 ball pythons (D:1)
  4 giant cockroaches
  9 goblins
  11 hobgoblins
  7 bats
  2 frilled lizards
  8 kobolds
  5 rats
57 creatures vanquished.

Notes
Turn   | Place    | Note
-------+----------+-------------------------------------------
     0 | D:1      | KamiKatze the Gnoll Skald began the quest for the Orb.
     0 | D:1      | Reached XP level 1. HP: 20/20 MP: 6/6
     2 | D:1      | Noticed a merfolk
     2 | D:1      | Noticed a ghoul
     4 | D:1      | Noticed a troll
     4 | D:1      | Noticed a minotaur
     6 | D:1      | Noticed a demonspawn
     6 | D:1      | Noticed a felid
     8 | D:1      | Noticed a human
    10 | D:1      | Noticed an octopode
    12 | D:1      | Noticed a vine stalker
    12 | D:1      | Noticed a vampire
    14 | D:1      | Noticed a halfling
    14 | D:1      | Noticed a draconian
    16 | D:1      | Noticed a tengu
    16 | D:1      | Noticed a spriggan
    18 | D:1      | Noticed a formicid
    18 | D:1      | Noticed a demigod
    20 | D:1      | Noticed an ogre
    20 | D:1      | Noticed a naga
    22 | D:1      | Noticed a centaur
    22 | D:1      | Noticed a gargoyle
    24 | D:1      | Noticed an elf
    29 | D:1      | Noticed a dwarf
    60 | D:1      | Reached XP level 2. HP: 17/26 MP: 7/7
   216 | D:1      | Reached XP level 3. HP: 13/31 MP: 0/9
   216 | D:1      | Reached skill level 5 in Spellcasting
   514 | D:1      | Learned a level 2 spell: Song of Slaying
   601 | D:2      | Found a hazy altar of Hepliaklqana.
   633 | D:2      | Found a glowing silver altar of Zin.
   633 | D:2      | Found a bloodstained altar of Trog.
   668 | D:2      | Reached skill level 1 in Invocations
   852 | D:2      | Found a shadowy altar of Dithmenos.
   853 | D:2      | Reached skill level 1 in Short Blades
   853 | D:2      | Reached skill level 1 in Long Blades
   853 | D:2      | Reached skill level 1 in Maces & Flails
   853 | D:2      | Reached skill level 1 in Polearms
   853 | D:2      | Reached skill level 1 in Staves
   853 | D:2      | Reached skill level 1 in Slings
   853 | D:2      | Reached skill level 1 in Bows
   853 | D:2      | Reached skill level 1 in Crossbows
   853 | D:2      | Reached skill level 1 in Throwing
   853 | D:2      | Reached skill level 1 in Stealth
   853 | D:2      | Reached skill level 1 in Shields
   853 | D:2      | Reached skill level 1 in Unarmed Combat
   853 | D:2      | Reached skill level 1 in Evocations
   951 | D:2      | Reached XP level 4. HP: 38/38 MP: 11/11
  1185 | D:3      | Learned a level 2 spell: Shroud of Golubria
  1561 | D:3      | Reached skill level 1 in Conjurations
  1561 | D:3      | Reached skill level 1 in Hexes
  1561 | D:3      | Reached skill level 1 in Summonings
  1561 | D:3      | Reached skill level 1 in Necromancy
  1561 | D:3      | Reached skill level 1 in Translocations
  1561 | D:3      | Reached skill level 1 in Transmutations
  1561 | D:3      | Reached skill level 1 in Fire Magic
  1561 | D:3      | Reached skill level 1 in Ice Magic
  1561 | D:3      | Reached skill level 1 in Air Magic
  1561 | D:3      | Reached skill level 1 in Earth Magic
  1561 | D:3      | Reached skill level 1 in Poison Magic
  1610 | D:3      | Killed from afar by an orc priest

Skill      XL: |  1  2  3  4 |
---------------+-------------+-----
Spellcasting   | 5 |  5.1
Invocations    | 1 |  1.3
Short Blades   | 1 |  1.2
Long Blades    | 1 |  1.2
Maces & Flails | 1 |  1.2
Polearms       | 1 |  1.2
Staves         | 1 |  1.2
Slings         | 1 |  1.2
Bows           | 1 |  1.2
Crossbows      | 1 |  1.2
Throwing       | 1 |  1.2
Stealth        | 1 |  1.2
Shields        | 1 |  1.2
Unarmed Combat | 1 |  1.2
Evocations     | 1 |  1.2
Conjurations   | 1 |  1.0
Hexes          | 1 |  1.0
Summonings     | 1 |  1.0
Necromancy     | 1 |  1.0
Translocations | 1 |  1.0
Transmutations | 1 |  1.0
Fire Magic     | 1 |  1.0
Ice Magic      | 1 |  1.0
Air Magic      | 1 |  1.0
Earth Magic    | 1 |  1.0
Poison Magic   | 1 |  1.0
Fighting       | |  4.7
Axes           | |  4.7
Armour         | |  2.8
Dodging        | |  4.7
Charms         | |  5.5

Action                   |  1- 3 |  4- 6 || total
-------------------------+-------+-------++-------
Melee: Hand axe          |   115 |    71 ||   186
       Bite              |    13 |     6 ||    19
 Cast: Infusion          |     1 |     1 ||     2
  Use: Scroll            |       |     7 ||     7
 Stab: Sleeping          |     1 |     1 ||     2
  Eat: Chunk             |       |     2 ||     2
Armor: Leather armour    |    18 |    11 ||    29
       Scale mail        |       |    29 ||    29
Dodge: Dodged            |    64 |    60 ||   124
